 Dungeon Crawl Stone Soup version 0.22-a0-480-g991dd4b (webtiles) character file.

2340 stealthycow the Cleaver (level 9, -2/79 HPs)
             Began as a Minotaur Berserker on June 14, 2018.
             Was a Priest of Trog.
             Slain by a manticore (8 damage)
             ... on level 8 of the Dungeon.
             The game lasted 00:17:55 (6569 turns).

stealthycow the Cleaver (Minotaur Berserker)        Turns: 6569, Time: 00:17:55

Health: -2/79      AC: 14    Str: 23    XL:     9   Next: 19%
Magic:  0/8        EV:  9    Int:  4    God:    Trog [***...]
Gold:   202        SH:  0    Dex: 12    Spells: 8/8 levels left

rFire    . . .     SeeInvis .   r - +0 broad axe
rCold    . . .     Gourm    .   (no shield)
rNeg     . . .     Faith    .   i - +0 plate armour (curse)
rPois    .         Spirit   +   (helmet restricted)
rElec    .         Reflect  .   p - scarf {Spirit}
rCorr    .         Harm     .   l - +0 pair of gloves
MR       .....                  (no boots)
Stlth    ..........             (no amulet)
HPRegen  0.23/turn              (no ring)
MPRegen  0.11/turn              (no ring)

@: barbed spikes, berserk cooldown, slowed, very slow
A: retaliatory headbutt, horns 2
a: Berserk, Trog's Hand, Renounce Religion


You were on level 8 of the Dungeon.
You worshipped Trog.
Trog was most pleased with you.
You were near starving.

You visited 1 branch of the dungeon, and saw 8 of its levels.

You collected 320 gold pieces.
You spent 118 gold pieces at shops.

Inventory:

Hand Weapons
 r - a +0 broad axe (weapon)
Armour
 d - a +3 scale mail
 i - a cursed +0 plate armour (worn)
 l - a +0 pair of gloves (worn)
 p - a scarf of spirit shield (worn)
Jewellery
 n - an uncursed ring of positive energy {unknown}
Wands
 k - a wand of digging (21)
Scrolls
 a - a scroll of immolation {unknown}
 b - 2 scrolls of remove curse
 e - 3 scrolls of identify
 t - 3 scrolls of teleportation
 u - a scroll of holy word
Potions
 f - a potion of agility {unknown}
 g - a potion of degeneration {unknown}
 h - 2 potions of lignification {unknown}
 j - 2 potions of flight
 m - 8 potions of curing
 o - a potion of mutation {unknown}
 q - a potion of invisibility {unknown}
 s - a potion of magic {unknown}
Comestibles
 c - 7 rations
 v - a chunk of flesh


   Skills:
 + Level 7.3 Fighting
 * Level 9.7 Axes
 * Level 7.8 Armour
 + Level 6.1 Dodging


You had 8 spell levels left.
You didn't know any spells.
Your spell library was empty.

Dungeon Overview and Level Annotations

Branches:
Dungeon (8/15)             Temple (0/1) D:4
   Lair: D:8-11

Altars:
Dithmenos
Fedhas
Kikubaaqudgha
Makhleb
Nemelex Xobeh
Qazlal
Ru
Sif Muna
Xom
Zin

Shops:
D:4 !   D:6 (


Innate Abilities, Weirdness & Mutations

You reflexively headbutt those who attack you in melee.
You have a pair of horns on your head.


Message History

* * * LOW HITPOINT WARNING * * *
The manticore claws you.
* * * LOW HITPOINT WARNING * * *
The manticore flicks its tail.
The volley of spikes hits you!
The barbed spikes become lodged in your body.
* * * LOW HITPOINT WARNING * * *
You see here an arrow.
The barbs in your skin will harm you if you move.
Continue? [Y]es or [N]o only, please.
The barbs in your skin will harm you if you move.
Continue? [Y]es or [N]o only, please.
The barbs in your skin will harm you if you move.
Continue?
Okay, then.
As you read the scroll labeled MIQOIRPH XOLI, it crumbles to dust.
You speak a Word of immense power!
It was a scroll of holy word.
The manticore bites you.
* * * LOW HITPOINT WARNING * * *
The manticore claws you!
You die...

#.....# #'#### #.._..#
#...P# #.....#
#P...#........ #.....#
#...P#........ #...#.#
#P...#........
###...<.######...P#........
.............#P.(.#y.......
.............#.(†P#........
.........#####P.@H#........
†.....[.## #....W........
........# ##############
........# ........#
........# ........#
.........# ......#...


You could see a manticore and a hungry ghost.

Vanquished Creatures
  A centaur warrior (D:8)
  A hornet (D:8)
  A hippogriff (D:7)
  An orc warrior (D:6)
  A phantom (D:6)
  2 ice beasts (D:5)
  A sky beast (D:8)
  A centaur (D:5)
  2 ogres
  A scorpion (D:6)
  A water moccasin skeleton (D:6)
  A hound (D:7)
  2 orc wizards
  3 orc priests
  2 bullfrog skeletons
  An iguana (D:7)
  3 worker ants
  A worker ant zombie (D:6)
  A howler monkey zombie (D:7)
  4 gnolls (D:2)
  4 adders
  A shadow imp (D:8)
  An adder zombie (D:7)
  An adder skeleton (D:7)
  3 worms (D:2)
  3 dart slugs
  A leopard gecko (D:3)
  18 orcs
  3 giant cockroaches
  7 goblins
  4 hobgoblins
  2 jackals (D:3)
  3 kobolds
  A quokka (D:2)
  2 ball pythons
  4 bats
  3 frilled lizards
  A leopard gecko skeleton (D:4)
  4 rats
97 creatures vanquished.

Notes
Turn   | Place    | Note
-------+----------+-------------------------------------------
     0 | D:1      | stealthycow the Minotaur Berserker began the quest for the Orb.
     0 | D:1      | Reached XP level 1. HP: 19/19 MP: 0/0
   501 | D:1      | Reached XP level 2. HP: 27/27 MP: 1/1
   609 | D:1      | Reached skill level 4 in Axes
   775 | D:2      | Reached XP level 3. HP: 24/33 MP: 2/2
   932 | D:2      | Reached ** piety under Trog
  1264 | D:2      | Found a sacrificial altar of Ru.
  1335 | D:2      | Reached XP level 4. HP: 40/40 MP: 3/3
  1373 | D:2      | Found a blossoming altar of Fedhas.
  1440 | D:2      | Found an ancient bone altar of Kikubaaqudgha.
  1508 | D:3      | Reached skill level 5 in Axes
  1603 | D:3      | Found a faded altar of an unknown god.
  1750 | D:3      | Noticed an ogre
  1754 | D:3      | Killed an ogre
  1754 | D:3      | Reached XP level 5. HP: 47/47 MP: 4/4
  2200 | D:3      | Found a sparkling altar of Nemelex Xobeh.
  2202 | D:3      | Found a sacrificial altar of Ru.
  2203 | D:3      | Found a deep blue altar of Sif Muna.
  2203 | D:3      | Found a shimmering altar of Xom.
  2549 | D:4      | Found Xustac's Distillery.
  2557 | D:4      | Bought a potion of curing for 30 gold pieces
  2852 | D:4      | Reached XP level 6. HP: 52/55 MP: 5/5
  3099 | D:4      | Found a staircase to the Ecumenical Temple.
  3171 | D:5      | Entered Level 5 of the Dungeon
  3263 | D:5      | Noticed an ice beast
  3278 | D:5      | Killed an ice beast
  3278 | D:5      | Reached skill level 5 in Fighting
  3278 | D:5      | Reached skill level 6 in Axes
  3400 | D:5      | Noticed an ice beast
  3403 | D:5      | Killed an ice beast
  3737 | D:5      | Reached XP level 7. HP: 61/61 MP: 6/6
  3924 | D:5      | Found a burning altar of Makhleb.
  3986 | D:5      | Found a glowing silver altar of Zin.
  3986 | D:5      | Noticed an angel
  3986 | D:5      | Noticed a balrug
  4237 | D:6      | Reached skill level 7 in Axes
  4569 | D:6      | Found Xiex Riu's Antique Weapon Boutique.
  4577 | D:6      | Reached *** piety under Trog
  4591 | D:6      | HP: 3/61 [orc warrior/glaive (7)]
  4593 | D:6      | Reached skill level 5 in Armour
  4916 | D:6      | Bought a broad axe for 88 gold pieces
  5198 | D:6      | Found a shadowy altar of Dithmenos.
  5428 | D:6      | Reached skill level 5 in Dodging
  5428 | D:6      | Reached XP level 8. HP: 45/70 MP: 5/7
  5757 | D:7      | Reached skill level 8 in Axes
  6032 | D:7      | Noticed a hippogriff
  6036 | D:7      | Killed a hippogriff
  6264 | D:8      | Found a stormy altar of Qazlal.
  6540 | D:8      | Noticed a hornet
  6540 | D:8      | Noticed a centaur warrior
  6541 | D:8      | Noticed a manticore
  6549 | D:8      | Killed a hornet
  6549 | D:8      | Reached skill level 9 in Axes
  6563 | D:8      | Killed a centaur warrior
  6563 | D:8      | Reached XP level 9. HP: 53/79 MP: 3/8
  6569 | D:8      | Slain by a manticore

Vault maps used:
D:1:      evilmike_arrival_hilbert_curve
D:2:      grunt_temple_overflow_growth_and_decay, first_ration,
          nicolae_ru_the_path_less_chosen
D:3:      grunt_temple_overflow_open, chequers_ecumenical_altar_simple_redux
D:4:      minmay_temple_entry_poolview, serial_shops, shop
D:5:      grunt_temple_overflow_order_and_chaos_2
D:6:      serial_shops, nicolae_shop_overgrown_old_shop,
          kennysheep_small_spiral, nicolae_dithmenos_shadow_blocks
D:8:      minmay_klotski, minmay_lair_entry_grove, basic_altar,
          kennysheep_generic_room_11

Skill      XL: |  1  2  3  4  5  6  7  8 |
---------------+-------------------------+-----
Axes           | 4 5 6 7 9 |  9.7
Fighting       | 4 5 6 7 |  7.3
Armour         | 3 4 5 7 |  7.8
Dodging        | 3 4 5 6 |  6.1

Action                   |  1- 3 |  4- 6 |  7- 9 || total
-------------------------+-------+-------+-------++-------
Melee: Hand axe          |    58 |    71 |    25 ||   154
       Headbutt          |     9 |    17 |    25 ||    51
       Broad axe         |       |       |   101 ||   101
       Shortbow          |       |       |     7 ||     7
 Fire: Shortbow          |       |       |    13 ||    13
Invok: Berserk           |     1 |       |     2 ||     3
  Use: Scroll            |       |     8 |     1 ||     9
  Eat: Chunk             |     1 |     5 |     3 ||     9
       Ration            |       |     1 |     2 ||     3
Armor: Leather armour    |    15 |     3 |       ||    18
       Ring mail         |       |     8 |       ||     8
       Chain mail        |       |     7 |       ||     7
       Scale mail        |       |     2 |     9 ||    11
       Plate armour      |       |       |    84 ||    84
Dodge: Dodged            |    41 |    37 |    68 ||   146

Table legend:
 A = Spawn XP
 B = Non-spawn XP
 C = Spawn XP percentage of total XP
 D = Spawn monster count
 E = Non-spawn monster count
 F = Spawn count percentage of total count
 G = Total turns spent on level
                    A         B        C        D         E        F      G
               +---------+---------+-------+---------+---------+-------+---------
         Total |       0 |    3343 |   0.0 |       0 |      97 |   0.0 |  6569
               +---------+---------+-------+---------+---------+-------+---------
           D:1 |       0 |      16 |   0.0 |       0 |       8 |   0.0 |   662
           D:2 |       0 |     131 |   0.0 |       0 |      26 |   0.0 |   842
           D:3 |       0 |     167 |   0.0 |       0 |      21 |   0.0 |   977
           D:4 |       0 |      72 |   0.0 |       0 |       3 |   0.0 |   690
           D:5 |       0 |     463 |   0.0 |       0 |       8 |   0.0 |  1317
           D:6 |       0 |     601 |   0.0 |       0 |      17 |   0.0 |  1260
           D:7 |       0 |     489 |   0.0 |       0 |       8 |   0.0 |   516
           D:8 |       0 |    1404 |   0.0 |       0 |       6 |   0.0 |   305
               +---------+---------+-------+---------+---------+-------+---------
